 Dungeon Crawl Stone Soup version 0.28.0-43-g3370ac3207 (webtiles) character file.

Game seed: 2687948293807283484

22 jimonade the Jinx (level 2, -6/20 HPs)
             Began as a Gnoll Wanderer on Mar 19, 2022.
             Mangled by Sigmund
             ... wielding a +1 scythe of freezing
              (9 damage)
             ... on level 2 of the Dungeon.
             The game lasted 00:03:55 (1799 turns).

jimonade the Jinx (Gnoll Wanderer)                  Turns: 1799, Time: 00:03:56

Health: -6/20      AC:  9    Str: 11    XL:     2   Next: 91%
Magic:  5/5        EV:  5    Int: 14    God:
Gold:   36         SH:  0    Dex:  8    Spells: 4/6 levels left

rFire   . . .      SeeInvis .   i - +0 spear
rCold   . . .      Faith    .   (no shield)
rNeg    . . .      Spirit   .   j - +0 chain mail
rPois   .          Reflect  .   (no helmet)
rElec   .          Harm     .   k - +0 cloak
rCorr   .          Rampage  .   (no gloves)
Will    .....                   (no boots)
Stlth   ..........              (no amulet)
HPRegen 0.06/turn               (no ring)
MPRegen 0.09/turn               (no ring)

@: no status effects
A: fangs 1, strong nose, distributed training
a: no special abilities


You were on level 2 of the Dungeon.
You visited 1 branch of the dungeon, and saw 2 of its levels.

You collected 36 gold pieces.

Inventory:

Hand Weapons
 d - a +0 dagger
 f - a +0 short sword
 i - a +0 spear (weapon)
Missiles
 a - 29 sling bullets
 g - 40 arrows
 h - 34 stones
Armour
 b - a +0 robe
 j - a +0 chain mail (worn)
 k - a +0 cloak (worn)
Magical Staves
 e - a staff of poison
Wands
 c - a wand of polymorph (4)


   Skills:
 + Level 0.5 Fighting
 + Level 0.5 Short Blades
 + Level 0.5 Long Blades
 + Level 0.5 Axes
 + Level 0.5 Maces & Flails
 + Level 0.5 Polearms
 + Level 0.5 Staves
 + Level 0.5 Slings
 + Level 0.5 Bows
 + Level 0.5 Crossbows
 + Level 0.5 Throwing
 + Level 0.5 Armour
 + Level 2.5 Dodging
 + Level 0.5 Stealth
 + Level 0.5 Shields
 + Level 0.5 Unarmed Combat
 + Level 2.7 Spellcasting
 + Level 0.4 Conjurations
 + Level 8.7 Hexes
 + Level 0.4 Summonings
 + Level 0.4 Necromancy
 + Level 0.4 Translocations
 + Level 0.4 Transmutations
 + Level 0.4 Fire Magic
 + Level 2.0 Ice Magic
 + Level 0.4 Air Magic
 + Level 0.4 Earth Magic
 + Level 0.4 Poison Magic
 + Level 0.7 Invocations
 + Level 4.5 Evocations


You had 4 spell levels left.
You knew the following spells:

 Your Spells              Type           Power      Damage    Failure   Level
a - Slow                  Hex            100%       N/A       36%         1
b - Freeze                Ice            28%        1d5       99%         1

Your spell library contained the following spells:

 Spells                   Type           Power      Damage    Failure   Level
 Cause Fear               Hex            13%        N/A       98%         4
 Inner Flame              Hex/Fire       14%        N/A       99%         3
 Ozocubu's Armour         Ice            7%         N/A       100%        3


Dungeon Overview and Level Annotations

Branches:
Dungeon (1/15)

Altars:

Annotations:
D:2 Sigmund


Innate Abilities, Weirdness & Mutations

You have very sharp teeth.
Your uncanny sense of smell can sniff out nearby items.
Your experience applies equally to all skills.


Message History

Things that are here:
a +0 dagger; a kobold corpse A goblin comes into view.
It is wielding a +0 dagger.
A sourceless malevolence fills the Dungeon...
You fall into a shaft and drop 1 floor!
The shaft crumbles and collapses.
Found a stone staircase leading down.
Found a faded altar of an unknown god.
You now have 36 gold pieces (gained 12).
A hobgoblin comes into view.
The hobgoblin shouts!
Sigmund the Dreaded comes into view.
He is wielding a +1 scythe of freezing and wearing a +2 robe of fire resistance.
You reach to attack!
You barely miss the hobgoblin.
Sigmund shouts!
You hit the hobgoblin.
You kill the hobgoblin!
Sigmund points at you and mumbles some strange words.
You are confused.
Sigmund gestures wildly while chanting.
Sigmund flickers and vanishes!
Deactivating autopickup; reactivate with Ctrl-A.
Something hits you! Something freezes you.
You feel less confused.
You hear some strange, mumbled words.
You are confused.
Something hits you.
* * * LOW HITPOINT WARNING * * *
Something freezes you.
* * * LOW HITPOINT WARNING * * *
Something hits you but does no damage.
You feel less confused. Something hits you but does no damage.
Something hits you but does no damage.
You aren't carrying any potions.
You aren't carrying any scrolls.
Something hits you but does no damage. Something hits you but does no damage.
Something hits you but does no damage. Something hits you!
You die...

#.......>....####.#
#######...........##
.########...........
∆...._.............###
########.............
##..........#
#.....†....#
#.....!...##
#.@.......#
#.........#
#...$........#
#....############ ..##


There were no monsters in sight!

Vanquished Creatures
  A dart slug (D:1)
  An endoplasm (D:1)
  2 goblins (D:1)
  A hobgoblin (D:2)
  2 jackals (D:1)
  A quokka (D:1)
  5 ball pythons (D:1)
  A frilled lizard (D:1)
  2 kobolds (D:1)
  2 rats (D:1)
18 creatures vanquished.

Notes
Turn   | Place    | Note
-------+----------+-------------------------------------------
     0 | D:1      | jimonade the Gnoll Wanderer began the quest for the Orb.
     0 | D:1      | jimonade set off with the following items: a +0 club, a +0
                  | robe, a wand of polymorph (4); and the following spells
                  | available to memorise: Slow, Cause Fear, Freeze, Inner
                  | Flame, Ozocubu's Armour
     0 | D:1      | Reached XP level 1. HP: 13/13 MP: 4/4
     2 | D:1      | Learned a level 1 spell: Slow
     4 | D:1      | Learned a level 1 spell: Freeze
   774 | D:1      | Reached XP level 2. HP: 18/19 MP: 1/5
  1757 | D:1      | You fall into a shaft and drop 1 floor!
  1763 | D:2      | Found a faded altar of an unknown god.
  1773 | D:2      | Noticed Sigmund
  1799 | D:2      | Mangled by Sigmund

Illustrated notes

Levels and vault maps discovered:
D:1:      lemuel_arrival_hallway, layout_loops_ring
D:2:      layout_rooms, ebering_ecumenical_altar_hall, uniq_sigmund

Skill      XL: |  1 |
---------------+----+-----
Ice Magic      | 2 |  2.0
Fighting       | |  0.5
Short Blades   | |  0.5
Long Blades    | |  0.5
Axes           | |  0.5
Maces & Flails | |  0.5
Polearms       | |  0.5
Staves         | |  0.5
Slings         | |  0.5
Bows           | |  0.5
Crossbows      | |  0.5
Throwing       | |  0.5
Armour         | |  0.5
Dodging        | |  2.5
Stealth        | |  0.5
Shields        | |  0.5
Unarmed Combat | |  0.5
Spellcasting   | |  2.7
Conjurations   | |  0.4
Hexes          | |  8.7
Summonings     | |  0.4
Necromancy     | |  0.4
Translocations | |  0.4
Transmutations | |  0.4
Fire Magic     | |  0.4
Air Magic      | |  0.4
Earth Magic    | |  0.4
Poison Magic   | |  0.4
Invocations    | |  0.7
Evocations     | |  4.5

Action                   || total
-------------------------++-------
Melee: Dagger            ||    19
       Short sword       ||    10
       Spear             ||    60
       Bite              ||     9
 Cast: Slow              ||    16
Armor: Robe              ||     4
       Chain mail        ||    28
Dodge: Dodged            ||    31
